 Dungeon Crawl Stone Soup version 0.26.1-11-gd32895ea62 (webtiles) character file.

Game seed: 4275421661843836938

114 tizbic2 the Digger (level 4, -1/39 HPs)
             Began as a Troll Earth Elementalist on June 25, 2021.
             Slain by an orc wizard
             ... wielding a +0 dagger
              (3 damage)
             ... on level 4 of the Dungeon on June 26, 2021.
             The game lasted 00:14:28 (1709 turns).

tizbic2 the Digger (Troll Earth Elementalist)       Turns: 1709, Time: 00:14:29

Health: -1/39      AC:  6    Str: 16    XL:     4   Next: 66%
Magic:  5/5        EV: 10    Int: 12    God:
Gold:   104        SH:  0    Dex: 10    Spells: 2/6 levels left

rFire    . . .     SeeInvis .     - Unarmed
rCold    . . .     Faith    .   (no shield)
rNeg     . . .     Spirit   .   c - +0 robe
rPois    .         Reflect  .   e - +0 hat
rElec    .         Harm     .   (no cloak)
rCorr    .         Rampage  .   (gloves unavailable)
Will     .....                  (boots unavailable)
Stlth    +.........             (no amulet)
HPRegen  0.53/turn              a - ring of flight
MPRegen  0.09/turn              (no ring)

@: no status effects
A: large, unfitting armour, claws 3, regeneration 1, shaggy fur 1, tough skin 3
a: Evoke Flight


You were on level 4 of the Dungeon.
You visited 1 branch of the dungeon, and saw 4 of its levels.

You collected 104 gold pieces.

Inventory:

Missiles
 b - 86 stones
 g - 3 boomerangs (quivered)
 i - 31 poisoned darts
Armour
 c - a +0 robe (worn)
 e - a +0 hat (worn)
Jewellery
 a - a ring of flight (left claw)
Scrolls
 f - 2 scrolls of identify
 h - a scroll of teleportation
 j - a scroll of enchant armour {unknown}
 m - a scroll of remove curse
Potions
 d - a potion of brilliance {unknown}
 k - a potion of attraction {unknown}
 l - a potion of cancellation {unknown}
 n - a potion of magic
 o - a potion of might {unknown}
 p - a potion of lignification {unknown}
 q - a potion of curing {unknown}
 r - a potion of haste {unknown}


   Skills:
 + Level 0.1 Fighting
 * Level 0.4 Staves
 + Level 0.5 Throwing
 * Level 2.1 Dodging
 - Level 1.0 Stealth
 * Level 1.5 Unarmed Combat
 * Level 1.9 Spellcasting
 - Level 0.6 Transmutations
 * Level 3.5 Earth Magic


You had 2 spell levels left.
You knew the following spells:

 Your Spells              Type           Power        Failure   Level
a - Sandblast             Erth           18%          7%          1
b - Stone Arrow           Conj/Erth      10%          38%         3

Your spell library contained the following spells:

 Spells                   Type           Power        Failure   Level
 Passwall                 Tmut/Erth      5%           19%         2
 Petrify                  Tmut/Erth      6%           75%         4
 Lee's Rapid Deconstruct  Erth           4%           88%         5


Dungeon Overview and Level Annotations

Branches:
Dungeon (4/15)
 Temple: D:4-7

Altars:

Annotations:
D:2 Natasha


Innate Abilities, Weirdness & Mutations

You are too large for most types of armour.
You have claws for hands.
Your natural rate of healing is unusually fast.
You are covered in fur. (AC +1)
You have extremely tough skin. (AC +3)


Message History

The goblin hits you but does no damage.
The orc wizard hits you but does no damage.
Something hits you.
* * * LOW HITPOINT WARNING * * *
You scratch the orc wizard.
The orc wizard is almost dead.
Something hits you but does no damage.
The orc wizard gestures at you while chanting.
The puff of flame misses you.
The puff of flame hits the goblin!
The goblin dies!
You scratch the orc wizard.
You kill the orc wizard!
Something hits you but does no damage. x2
A magic dart appears from out of thin air!
The magic dart hits you.
* * * LOW HITPOINT WARNING * * *
Things that are here:
a +0 dagger; a +0 robe; an orc corpse Something completely misses you.
Something hits you.
You die...

?.#######
......{<####
......)@)..#
...........#
...#########
.. .


There were no monsters in sight!

Vanquished Creatures
  An orc wizard (D:4)
  Natasha (D:2)
  3 adders (D:2)
  A worm (D:2)
  3 leopard geckos
  A giant cockroach (D:2)
  3 goblins (D:1)
  2 hobgoblins
  4 jackals (D:1)
  3 kobolds
  3 bats
  2 frilled lizards
  A rat (D:2)
28 creatures vanquished.

Vanquished Creatures (others)
  A goblin (D:4)
1 creature vanquished.

Grand Total: 29 creatures vanquished

Notes
Turn   | Place    | Note
-------+----------+-------------------------------------------
     0 | D:1      | tizbic2 the Troll Earth Elementalist began the quest for
                  | the Orb.
     0 | D:1      | Reached XP level 1. HP: 16/16 MP: 1/1
    42 | D:1      | Reached skill level 3 in Earth Magic
    99 | D:1      | Reached XP level 2. HP: 14/24 MP: 0/3
   774 | D:2      | Reached XP level 3. HP: 29/31 MP: 2/4
  1018 | D:2      | Learned a level 3 spell: Stone Arrow
  1045 | D:2      | Noticed Natasha
  1060 | D:2      | Killed Natasha
  1061 | D:2      | Reached skill level 1 in Unarmed Combat
  1276 | D:2      | Reached XP level 4. HP: 39/39 MP: 5/5
  1405 | D:2      | Noticed Natasha
  1708 | D:4      | HP: 1/39 [something/magic dart (5)]
  1709 | D:4      | Slain by an orc wizard

Illustrated notes

Levels and vault maps discovered:
D:1:      dpeg_arrival_tiny_h, layout_basic
D:2:      layout_basic, lightli_corner_chamber, uniq_natasha
D:3:      layout_basic
D:4:      layout_layer_cave

Skill      XL: |  1  2  3 |
---------------+----------+-----
Earth Magic    | 3 |  3.5
Dodging        | 2 |  2.1
Unarmed Combat | 1 |  1.5
Fighting       | |  0.1
Staves         | |  0.4
Throwing       | |  0.5
Stealth        | |  1.0
Spellcasting   | |  1.9
Transmutations | |  0.6

Action                   |  1- 3 |  4- 6 || total
-------------------------+-------+-------++-------
Melee: Unarmed           |    64 |    18 ||    82
 Fire: Hunting sling     |     1 |     2 ||     3
Throw: Stone             |    10 |       ||    10
       Boomerang         |     7 |       ||     7
 Cast: Sandblast         |    13 |     5 ||    18
       Stone Arrow       |       |     1 ||     1
  Use: Scroll            |     5 |       ||     5
       Potion            |       |     1 ||     1
Armor: Robe              |    26 |    11 ||    37
Dodge: Dodged            |    48 |    18 ||    66
